 Dungeon Crawl Stone Soup version 0.31.0-11-ge490571c62 (webtiles) character file.

Game seed: 14495971137356185329

114 qw the Shooter (level 4, -1/23 HPs)
             Began as a Spriggan Hunter on Feb 4, 2024.
             Killed by divine providence
             ... invoked by an orc priest
              (10 damage)
             ... on level 3 of the Dungeon.
             The game lasted 00:00:32 (1775 turns).

qw the Shooter (Spriggan Hunter)                    Turns: 1775, Time: 00:00:33

Health: -1/23      AC:  2    Str:  7    XL:     4   Next: 66%
Magic:  5/5        EV: 20    Int: 10    God:
Gold:   152        SH:  0    Dex: 20    Spells: 3/3 levels left

rFire   . . .        a - +0 shortbow
rCold   . . .        (shield currently unavailable)
rNeg    . . .        c - +0 robe
rPois   .            (helmet restricted)
rElec   .            (no cloak)
rCorr   .            (gloves unavailable)
SInv    +            (boots unavailable)
Will    .....        (no amulet)
Stlth   ++           (no ring)
HPRegen 0.23/turn    (no ring)
MPRegen 0.09/turn

%: no passive effects
@: very quick
A: very small, no large weapons, unfitting armour, see invisible, speed 3
a: no special abilities


You were on level 3 of the Dungeon.
You visited 1 branch of the dungeon, and saw 3 of its levels.

You collected 152 gold pieces.


Innate Abilities, Weirdness & Mutations

You are very small and have problems with some larger weapons.
You are too small for most types of armour.
You have supernaturally acute eyesight. (SInv)
You cover ground extremely quickly. (Speed+++)


   Skills:
 + Level 1.9 Fighting
 - Level 5.0 Ranged Weapons
 - Level 5.0 Dodging
 - Level 1.5 Stealth


You had 3 spell levels left.
You didn't know any spells.
Your spell library was empty.

Inventory:

Hand Weapons
 a - a +0 shortbow (weapon)
Armour
 c - a +0 robe (worn)
Scrolls
 b - a scroll of poison {unknown}
 d - a scroll of identify
 g - 2 scrolls of teleportation
Potions
 e - a potion of curing
 h - a potion of heal wounds {unknown}
 i - a potion of magic {unknown}

Dungeon Overview and Level Annotations

Branches:
Dungeon (3/15)

Altars:
Zin


Message History

You kill the orc!
The orc grunts repeatedly.
You shoot an arrow. The arrow hits the orc!
You kill the orc!
An orc priest comes into view. It is wielding a +0 whip.
You shoot an arrow. The orc priest shouts!
The arrow hits the orc priest.
The orc priest is moderately wounded.
You shoot an arrow. The arrow barely misses the orc priest.
The orc priest calls down the wrath of Beogh upon you.
Beogh smites you!
1762 ||| FLEEEEING.
1763 ||| FLEEEEING.
1764 ||| FLEEEEING.
You start resting.
An orc priest is nearby!
You shoot an arrow.
The arrow closely misses the orc priest.
You shoot an arrow. The arrow hits the orc priest.
The orc priest is severely wounded.
You shoot an arrow.
The arrow closely misses the orc priest.
The orc priest closely misses you.
You shoot an arrow. The arrow hits the orc priest.
The orc priest is almost dead.
The orc priest mumbles some strange prayers to Beogh against you.
Pain shoots through your body!
You shoot an arrow.
The arrow completely misses the orc priest.
The orc priest misses you.
You shoot an arrow.
The arrow hits the orc priest but does no damage.
The orc priest is almost dead.
The orc priest casts a cantrip, but nothing happens.
You shoot an arrow. The arrow barely misses the orc priest.
The orc priest hits you with a +0 whip.
The orc priest calls down the wrath of Beogh upon you.
Beogh smites you!
You die...

......).. #..+ #..#
......... ##.## #..#
.)o.....# # #..###..#
..$.....# #. ##...####
........+ #.. #......#
........+ #..# ##.......
......)$# #...##........
........######.#..#.......%
......#..o@....##....####.#
..... #############..# ....
#### #)<#.} . ##.#. ###


You could see an orc priest.

Vanquished Creatures
  Terence (D:2)
  3 adders
  A ribbon worm (D:3)
  A dart slug (D:1)
  2 orcs (D:3)
  4 ball pythons
  3 bats (D:1)
  7 endoplasms
  4 giant cockroaches
  3 goblins
  4 hobgoblins
  2 jackals (D:2)
  5 kobolds
  3 quokkas
  3 frilled lizards
  2 rats (D:2)
48 creatures vanquished.

Notes
Turn   | Place    | Note
-------+----------+-------------------------------------------
     0 | D:1      | qw the Spriggan Hunter began the quest for the Orb.
     0 | D:1      | Reached XP level 1. HP: 10/10 MP: 2/2
     0 | D:1      | 0 ||| qw: Version: 0.3-a-160-g6735b56
     0 | D:1      | 0 ||| qw: Game counter: 6112
     0 | D:1      | 0 ||| qw: Melee chars always use a shield: true
     0 | D:1      | 0 ||| qw: God list: Okawaru
     0 | D:1      | 0 ||| qw: Allow faded altars: false
     0 | D:1      | 0 ||| qw: Do Orc after clearing Dungeon:15 true
     0 | D:1      | 0 ||| qw: Do second Lair branch before Depths: true
     0 | D:1      | 0 ||| qw: Lair rune preference: random
     0 | D:1      | 0 ||| qw: Goals: Normal
     0 | D:1      | 0 ||| PLANNING D:1-11
    29 | D:1      | Reached skill level 3 in Dodging
    89 | D:1      | Reached XP level 2. HP: 14/14 MP: 3/3
   232 | D:1      | Found a faded altar of an unknown god.
   349 | D:1      | You fall into a shaft and drop 1 floor!
   378 | D:2      | 378 ||| READING scroll labelled KEGIGI PAFFIAD.
   379 | D:2      | 379 ||| READING 3 scrolls labelled VIMOTI REUWU.
   379 | D:2      | 379 ||| IDENTIFYING viscous ruby potion
   380 | D:2      | 380 ||| READING 2 scrolls of identify.
   380 | D:2      | 380 ||| IDENTIFYING scroll labelled GIYFRU ISKO
   381 | D:2      | 381 ||| DROPPING scroll of butterflies.
   739 | D:1      | Reached XP level 3. HP: 18/18 MP: 4/4
   948 | D:2      | Noticed Terence
   967 | D:2      | Killed Terence
  1114 | D:2      | Reached XP level 4. HP: 18/22 MP: 5/5
  1190 | D:2      | Found a glowing silver altar of Zin.
  1462 | D:2      | 1462 ||| READING scroll of identify.
  1462 | D:2      | 1462 ||| IDENTIFYING bubbling golden potion
  1463 | D:2      | 1463 ||| READING scroll labelled YBECSE PUXTI.
  1464 | D:2      | 1464 ||| READING 2 scrolls labelled ZIYSCHY XILAEK.
  1505 | D:2      | 1505 ||| DROPPING potion of lignification.
  1506 | D:2      | 1506 ||| DROPPING scroll of torment.
  1663 | D:3      | HP: 5/23 [bat (1)]
  1664 | D:3      | 1664 ||| READING 3 scrolls of teleportation.
  1762 | D:3      | 1762 ||| FLEEEEING.
  1763 | D:3      | 1763 ||| FLEEEEING.
  1764 | D:3      | 1764 ||| FLEEEEING.
  1775 | D:3      | Killed from afar by an orc priest

Levels and vault maps discovered:
D:1:      dpeg_arrival_simpleton_c, layout_basic,
          ebering_ecumenical_altar_sacrificial
D:2:      layout_basic, basic_altar, uniq_terence
D:3:      layout_rooms, general_overflow_altar, grunt_ministairs_3,
          minmay_divided_ellipse

Skill      XL: |  1  2  3  4 |
---------------+-------------+-----
Dodging        | 3 4 5 |  5.0
Ranged Weapons | 5 |  5.0
Fighting       | |  1.9
Stealth        | |  1.5

Action                     |  1- 3 |  4- 6 || total
---------------------------+-------+-------++-------
   Fire: Shortbow          |   102 |    57 ||   159
    Use: Scroll            |     3 |     4 ||     7
 Armour: Robe              |    12 |    13 ||    25
  Dodge: Dodged            |    52 |    36 ||    88

Table legend:
 A = Non-vault XP
 B = Vault XP
 C = Vault XP percentage of total XP
 D = Non-vault monster count
 E = Vault monster count
 F = Vault count percentage of total count
                 A         B        C        D         E       F
            +---------+---------+-------+---------+---------+-------
      Total |      89 |      74 |  45.4 |      39 |       9 |  18.8
            +---------+---------+-------+---------+---------+-------
        D:1 |      42 |       0 |   0.0 |      22 |       0 |   0.0
        D:2 |      33 |      36 |  52.2 |      12 |       1 |   7.7
        D:3 |      14 |      38 |  73.1 |       5 |       8 |  61.5
            +---------+---------+-------+---------+---------+-------
